Map: Королевская бухта РВ

Players

BuRning

  • Race: Terran Terran
  • Spawn Location: 5:00

Cham - Winner!

  • Race: Zerg Zerg
  • Spawn Location: 11:00

Event: 2019 WCS Summer

VOD

Have the link to the VOD?

Description

Time

  • Played on: July 12, 2019, 6:36 a.m.
  • Length: 7:40

All games in this series

Show
View Real Time Build Order
Export as new Build Order

BuRning Terran 

Build Orders:  

Get SALT Encoding   

  12  0:00  SCV  
  13  0:13  SCV  
  14  0:19  Supply Depot  
  14  0:25  SCV  
  15  0:41  Barracks  
  15  0:52  Barracks  
  15  0:55  SCV  
  16  1:06  Refinery  
  16  1:07  SCV  
  17  1:20  SCV  
  18  1:27  Marine  
  19  1:33  Orbital Command  
  19  1:40  Marine  
  19  1:42  Bunker  
  19  1:46  Marine  
  21  1:52  Supply Depot  
  21  1:57  Supply Depot  
  21  2:08  SCV  
  21  2:09  Marine  
  23  2:20  SCV  
  23  2:25  Marine  
  23  2:28  Bunker  
  24  2:35  Factory  
  24  2:36  Marine  
  22  2:46  SCV  
  22  2:48  Marine  
  23  2:55  Command Center  
  23  2:59  Reaper  
  23  3:02  SCV  
  25  3:06  Reaper  
  26  3:17  SCV  
  29  3:20  Refinery, Hellion  
  29  3:29  SCV  
  27  3:34  Reaper  
  30  3:41  Hellion  
  30  3:42  SCV  
  31  3:49  Command Center  
  31  4:06  SCV  
  31  4:07  Factory, Hellion  
  34  4:16  Orbital Command  
  34  4:25  SCV  
  34  4:31  Hellion  
  37  4:37  SCV  
  37  4:38  Starport  
  38  4:42  SCV  
  39  4:49  SCV  
  40  4:53  Hellion  
  40  4:54  SCV  
  43  5:01  SCV  
  43  5:04  Orbital Command  
  43  5:06  SCV  
  45  5:09  Factory Tech Lab  
  45  5:13  SCV  
  46  5:17  Supply Depot  
  46  5:18  SCV, Hellion  
  46  5:19  Starport Tech Lab, Barracks Reactor  
  49  5:25  SCV  
  50  5:29  Infernal Pre-Igniter  
  50  5:30  SCV  
  54  5:36  Hellion  
  54  5:39  Refinery x2, SCV  
  54  5:41  Banshee  
  57  5:46  SCV  
  57  5:47  SCV  
  59  5:52  SCV  
  58  5:58  SCV, Hellion x2  
  58  6:03  SCV  
  53  6:12  SCV  
  53  6:13  SCV  
  52  6:20  Hellion  
  52  6:23  SCV  
  52  6:24  SCV  
  57  6:32  Armory, SCV  
  56  6:34  Armory  
  56  6:38  Hellion  
  58  6:40  Orbital Command, SCV  
  58  6:41  SCV  
  58  6:46  Hellion  
  65  6:52  SCV  
  65  6:55  Siege Tank  
  65  6:56  Barracks Tech Lab  
  67  7:15  Hellion x2  
  67  7:19  Hellion x2  
  59  7:34  Supply Depot  
Show
View Real Time Build Order
Export as new Build Order

Cham Zerg - Winner!

Build Orders: Hatch First 

Get SALT Encoding   

  12  0:01  Drone  
  13  0:09  Drone  
  14  0:18  Overlord  
  14  0:26  Overlord  
  14  0:39  Drone  
  14  0:42  Drone  
  16  0:58  Hatchery  
  16  1:01  Drone  
  16  1:05  Drone  
  17  1:21  Spawning Pool  
  17  1:22  Extractor  
  17  1:25  Drone  
  16  1:30  Drone  
  16  1:31  Drone  
  18  1:38  Drone  
  19  2:12  Queen  
  19  2:13  Spine Crawler  
  20  2:17  Zergling x8  
  23  2:28  Queen  
  24  2:47  Zergling x6  
  26  2:57  Zergling x4  
  28  3:02  Drone x2  
  30  3:14  Drone  
  30  3:15  Drone  
  30  3:19  Drone  
  33  3:20  Drone  
  33  3:31  Drone x2  
  35  3:43  Hatchery  
  34  3:49  Queen  
  36  3:57  Overlord  
  36  3:58  Overlord  
  36  4:08  Metabolic Boost  
  39  4:17  Drone x3  
  39  4:20  Drone  
  39  4:21  Drone x3  
  39  4:23  Drone x2  
  45  4:27  Drone  
  45  4:28  Drone  
  47  4:34  Queen  
  49  4:44  Queen  
  51  4:45  Drone  
  51  4:47  Overlord  
  51  4:52  Overlord  
  52  5:04  Overlord  
  52  5:07  Drone x6  
  54  5:12  Roach Warren  
  57  5:14  Extractor x2  
  57  5:16  Drone x2  
  57  5:20  Drone x3  
  57  5:21  Drone  
  61  5:27  Drone, Overlord  
  62  5:30  Zergling x4  
  62  5:33  Zergling x2  
  65  5:41  Zergling x4  
  65  5:42  Overlord  
  67  5:56  Roach x2  
  66  5:57  Roach x4  
  66  5:58  Roach x3  
  79  6:10  Roach x4  
  79  6:11  Roach  
  85  6:16  Roach  
  87  6:19  Roach  
  87  6:20  Overlord  
  87  6:24  Overlord  
  87  6:25  Drone x2  
  89  6:28  Drone  
  89  6:30  Drone  
  90  6:36  Overlord x2  
  90  6:44  Ravager  
  90  6:45  Ravager x3  
  90  6:47  Zergling x16  
  96  6:50  Zergling x4  
  96  6:53  Ravager  
  105  6:54  Zergling x2  
  105  6:59  Ravager  
  105  7:00  Zergling x4  
  109  7:06  Zergling x4  
  109  7:07  Ravager  
  112  7:11  Zergling x2  
  109  7:22  Zergling x6  
Tags
 
Add a new tag
Caveats
  • Supply blocks, unpowered buildings, or Contaminate may cause inaccurate times.
  • Supply counts are checked every 10 seconds.